 Dungeon Crawl Stone Soup version 0.30-a0-358-g0d69a1922f (webtiles) character file.

Game seed: 1051050020012501652

2441 MrRokkomies the Carver (level 10, -5/91 HPs)
             Began as a Meteoran Cinder Acolyte on Nov 9, 2022.
             Was a Believer of Ignis.
             Slain by a centaur
             ... wielding a +0 spear
              (8 damage)
             ... in a bailey on Nov 10, 2022.
             The game lasted 00:22:08 (4334 turns).

MrRokkomies the Carver (Meteoran Cinder Acolyte)    Turns: 4334, Time: 00:22:09

Health: -5/91      AC:  5    Str: 16    XL:     10   Next: 6%
Magic:  13/13      EV: 19    Int: 20    God:    Ignis [**....]
Gold:   174        SH:  0    Dex: 18    Spells: 9/11 levels left

rFire   + . .      SeeInvis .    z - +5 spear "Olocewac" {vorpal, Will++ Int+3 Stlth+}
rCold   . . .      Faith    .    (no shield)
rNeg    + . .      Spirit   .    o - +0 robe of the Smoking Gods {Dex+5 Archmagi}
rPois   .          Reflect  .    (no helmet)
rElec   .          Harm     .    (no cloak)
rCorr   .          Rampage  .    n - +0 pair of gloves
Will    +++..      Archmagi +    l - +1 pair of boots
Stlth   +.........               c - amulet of the acrobat
HPRegen 0.35/turn                j - +4 ring of evasion
MPRegen 0.13/turn                C - ring of positive energy

@: hasted, glowing, very quick
A: sense surroundings 2, otherworldly, glowing, explore regen
a: Renounce Religion, Fiery Armour, Foxfire Swarm, Rising Flame


You were in a bailey.
You worshipped Ignis.
Ignis was pleased with you.
You visited 1 branch of the dungeon, and saw 7 of its levels.
You also visited: Ossuary and Bailey.

You collected 314 gold pieces.
You spent 140 gold pieces at shops.

Inventory:

Hand Weapons
 a - a +1 long sword
 e - a +1 dagger of electrocution
 h - a +0 sling
 z - the +5 spear "Olocewac" (weapon) {vorpal, Will++ Int+3 Stlth+}
   (You found it on level 6 of the Dungeon)

   It inflicts extra damage upon your enemies.
   Int:       It affects your intelligence (+3).
   Will:      It greatly increases your willpower.
   Stlth:     It makes you more stealthy.
Missiles
 p - 9 poisoned darts (quivered)
 v - 3 silver javelins
Armour
 b - a +0 robe
 f - a +0 ring mail
 i - a +0 scale mail
 l - a +1 pair of boots (worn)
 n - a +0 pair of gloves (worn)
 o - the +0 robe of the Smoking Gods (worn) {Dex+5 Archmagi}
   (You found it on level 4 of the Dungeon)

   Dex:       It affects your dexterity (+5).
   Archmagi:  It increases the power of your magical spells.
 B - a +1 robe of willpower
Jewellery
 c - an amulet of the acrobat (around neck)
 j - a +4 ring of evasion (left hand)
 C - a ring of positive energy (right hand)
Wands
 x - a wand of roots (3)
 A - a wand of flame (18)
Scrolls
 r - 2 scrolls of poison
 y - 4 scrolls of identify
 D - a scroll of enchant weapon
Potions
 k - 5 potions of lignification
 m - a potion of flight
 q - 3 potions of mutation
 s - a potion of resistance
 u - a potion of attraction {unknown}
 w - 2 potions of cancellation


   Skills:
 * Level 9.1 Fighting
 * Level 9.9 Long Blades
 + Level 6.2 Dodging
 - Level 1.3 Spellcasting
 - Level 5.0 Fire Magic


You had 9 spell levels left.
You knew the following spells:

 Your Spells              Type           Power      Damage    Failure   Level
a - Scorch                Fire           64%        2d8       3%          2

Your spell library contained the following spells:

 Spells                   Type           Power      Damage    Failure   Level
 Ensorcelled Hibernation  Hex/Ice        4%         N/A       26%         2
 Passwall                 Tmut/Erth      1%         N/A       26%         2
 Swiftness                Air            2%         N/A       45%         3
 Tukima's Dance           Hex            2%         N/A       45%         3
 Passage of Golubria      Tloc           2%         N/A       86%         4
 Yara's Violent Unravell  Hex/Tmut       1%         3d3       99%         5


Dungeon Overview and Level Annotations

Branches:
Dungeon (7/15) Zot: 455   Ossuary (visited)          Bailey (1/1) Zot: 455
 Temple: D:4-7

Altars:
Ashenzari
Nemelex Xobeh
Ru

Shops:
D:4 *   D:6 !


Innate Abilities, Weirdness & Mutations

You passively map the area around you.
You are easily found by Zot.
You glow in the dark.
You regain HP and MP as you explore.


Message History

The centaur hits you but does no damage.
The centaur kicks you.
You hit the centaur but do no damage.
The centaur is lightly wounded.
The centaur hits you with a +0 spear.
The centaur kicks you but does no damage.
The orc hits you from afar with a +0 halberd!
* * * LOW HITPOINT WARNING * * *
You hit the centaur but do no damage.
The centaur is lightly wounded.
The centaur completely misses you. The centaur misses you.
The orc closely misses you. The centaur barely misses you.
The centaur misses you.
You hit the centaur.
The centaur is moderately wounded.
The centaur hits you with a +0 spear.
* * * LOW HITPOINT WARNING * * *
The centaur closely misses you. The orc barely misses you.
The centaur hits you with a +0 spear.
* * * LOW HITPOINT WARNING * * *
The centaur closely misses you.
You hit the centaur.
The centaur is moderately wounded.
The orc completely misses you. The centaur closely misses you.
The centaur kicks you.
* * * LOW HITPOINT WARNING * * *
The orc barely misses you.
You barely miss the centaur.
The centaur is moderately wounded.
The centaur hits you with a +0 spear!
* * * LOW HITPOINT WARNING * * *
The centaur kicks you.
* * * LOW HITPOINT WARNING * * *
The centaur closely misses you.
The centaur kicks you but does no damage.
The orc hits you but does no damage.
Okay, then.
It was a potion of haste.
You feel yourself speed up. The centaur hits you with a +0 spear!
You die...

* **########### ** ~
≈≈≈≈≈≈≈≈≈≈## ,
......c....## , ,, ,,
.....o.@...$# ,
,⌠##########'####
,,,#####......).....≈#
##....≈≈≈≈≈≈≈≈≈...≈#
#.⌠.≈≈≈.......≈≈..≈##
#..≈≈.)≈≈≈≈≈≈≈....≈≈##
#.≈≈.≈≈≈.....≈≈≈...≈≈##
,##.≈.≈≈.)≈≈≈≈≈..≈≈..⌠≈≈#
#.≈≈)≈.≈≈≈...≈≈≈.≈≈..≈≈#


You could see a centaur and an orc.

Vanquished Creatures
  A wyvern (D:7)
  A steam dragon (D:7)
  Menkaure (D:5)
  A sky beast (D:5)
  2 centaurs
  2 phantoms (D:5)
  A kobold brigand (D:6)
  4 bullfrogs
  Blork the orc (D:5)
  2 scorpions
  5 wights (D:7)
  2 howler monkeys
  4 hounds
  3 jellies (D:6)
  An orc priest (D:3)
  3 iguanas
  4 orc wizards
  4 mummies (Ossuary)
  4 gnolls (D:3)
  11 adders
  A shadow imp (D:6)
  2 white imps
  2 ufetubi (D:6)
  3 worms
  3 dart slugs
  34 orcs
  13 endoplasms
  4 giant cockroaches
  5 gnoll zombies (Ossuary)
  6 goblins
  4 hobgoblins
  3 jackals (D:3)
  8 kobolds
  3 quokkas
  3 ball pythons
  2 bats (D:3)
  2 frilled lizards
  3 gnoll skeletons (Ossuary)
  5 goblin skeletons (Ossuary)
  4 goblin zombies (Ossuary)
  5 hobgoblin skeletons (Ossuary)
  5 hobgoblin zombies (Ossuary)
  4 kobold skeletons (Ossuary)
  4 kobold zombies (Ossuary)
  4 orc skeletons (Ossuary)
  3 orc zombies (Ossuary)
  8 rats
  4 rat skeletons (Ossuary)
  4 rat zombies (Ossuary)
208 creatures vanquished.

Vanquished Creatures (others)
  2 centaurs
  84 foxfires
86 creatures vanquished.

Grand Total: 294 creatures vanquished

Notes
Turn   | Place    | Note
-------+----------+-------------------------------------------
     0 | D:1      | MrRokkomies the Meteoran Cinder Acolyte began the quest for
                  | the Orb.
     0 | D:1      | Reached XP level 1. HP: 19/19 MP: 3/3
    78 | D:1      | Found a faded altar of an unknown god.
   193 | D:1      | Reached XP level 2. HP: 21/26 MP: 5/5
   453 | D:2      | Noticed a scorpion
   471 | D:2      | Killed a scorpion
   472 | D:2      | Reached skill level 1 in Dodging
   472 | D:2      | Reached XP level 3. HP: 11/33 MP: 6/6
   472 | D:2      | Reached XP level 4. HP: 14/40 MP: 7/7
   703 | D:2      | Reached XP level 5. HP: 47/47 MP: 8/8
   811 | D:2      | Reached skill level 5 in Long Blades
   875 | D:3      | HP: 1/47 [howler monkey (5)]
   878 | D:3      | Reached XP level 6. HP: 2/55 MP: 9/9
  1014 | D:3      | Reached skill level 5 in Fighting
  1193 | D:3      | Reached XP level 7. HP: 57/61 MP: 10/10
  1629 | D:4      | Found Ikkedd's Gadget Gallery.
  2013 | D:4      | Identified the +0 robe of the Smoking Gods {Dex+5 Archmagi}
  2028 | D:4      | Learned a level 2 spell: Scorch
  2206 | D:5      | Entered Level 5 of the Dungeon
  2227 | D:5      | Noticed Menkaure
  2230 | D:5      | Killed Menkaure
  2252 | D:5      | Found a sand-covered staircase.
  2257 | Ossuary  | Entered an ossuary
  2501 | Ossuary  | Reached XP level 8. HP: 70/70 MP: 11/11
  2772 | D:5      | Noticed Blork the orc
  2780 | D:5      | Killed Blork the orc
  2864 | D:5      | Found a sacrificial altar of Ru.
  2869 | D:5      | Found a sparkling altar of Nemelex Xobeh.
  2872 | D:5      | Found a broken altar of Ashenzari.
  3336 | D:6      | Gained mutation: You passively map the area around you.
                  | [Meteoran growth]
  3336 | D:6      | Reached XP level 9. HP: 68/79 MP: 12/12
  3425 | D:6      | Reached skill level 5 in Fire Magic
  3483 | D:6      | Reached skill level 5 in Dodging
  3657 | D:6      | Found Opsatz's Distillery.
  3660 | D:6      | Bought 2 potions of heal wounds for 140 gold pieces
  3673 | D:6      | Identified the +5 spear "Olocewac" {vorpal, Will++ Int+3
                  | Stlth+}
  4150 | D:7      | Reached XP level 10. HP: 85/91 MP: 13/13
  4184 | D:7      | Found a flagged portal.
  4193 | Bailey   | Entered a bailey
  4259 | Bailey   | HP: 3/136 [orc/+0 halberd (6)]
  4333 | Bailey   | HP: 3/91 [centaur/+0 spear (3)]
  4334 | Bailey   | Slain by a centaur

Illustrated notes

Levels and vault maps discovered:
D:1:      onia_arrival_mini_spirals, layout_loops_ring,
          dreamdust_ecumenical_altar_hidden_monk_grotto
D:2:      layout_loops_ring
D:3:      layout_basic, kennysheep_generic_room_5
D:4:      layout_loops_corners, nicolae_shop_gadgets
D:5:      layout_gridville, minitemple, nicolae_ossuary_entry_ruins,
          hangedman_abyss_or_decor_jellyfish_corner, roderic_lattice_a,
          uniq_blork_the_orc, uniq_menkaure
D:6:      layout_loops_ring, serial_shops, kennysheep_mini_moat, ldierk_geyser,
          corexii_shack, minmay_pentangle
D:7:      layout_basic, minmay_temple_entry_from_below_a, enter_bailey_2,
          roderic_roman_lattice, serial_bayou_pond_e, kennysheep_flooded_box,
          kennysheep_generic_room_16
Bailey:   bailey_polearm_flooded_kennysheep, bailey

Skill      XL: |  1  2  3  4  5  6  7  8  9 |
---------------+----------------------------+-----
Long Blades    | 4 5 6 8 9 |  9.9
Fighting       | 4 5 6 7 9 |  9.1
Dodging        | 1 2 3 4 6 |  6.2
Fire Magic     | 4 5 |  5.0
Spellcasting   | |  1.3

Action                   |  1- 3 |  4- 6 |  7- 9 | 10-12 || total
-------------------------+-------+-------+-------+-------++-------
Melee: Falchion          |    12 |       |       |       ||    12
       Dagger            |    31 |   127 |   463 |       ||   621
       Punch             |     1 |     1 |     9 |       ||    11
       Spear             |       |       |    57 |    31 ||    88
 Cast: Scorch            |       |       |    33 |     6 ||    39
Invok: Fiery Armour      |       |     2 |       |       ||     2
       Foxfire Swarm     |       |       |     2 |     2 ||     4
Evoke: Wand              |       |       |       |     3 ||     3
  Use: Scroll            |       |     7 |    10 |       ||    17
       Potion            |       |       |     1 |     9 ||    10
Armor: Robe              |     1 |       |    68 |    19 ||    88
       Scale mail        |     7 |    42 |    32 |       ||    81
       Skin              |       |       |       |    19 ||    19
Dodge: Dodged            |    16 |    63 |   354 |   128 ||   561

Table legend: (Time is in decaauts)
 A = Elapsed time spent in this place.
 B = Non-inter-level travel time spent in this place.
 C = Inter-level travel time spent in this place.
 D = Time resting spent in this place.
 E = Time spent auto-exploring this place.
 F = Levels seen in this place.
 G = Mean time per level.
                   A        B        C        D        E       F      G
               +--------+--------+--------+--------+--------+-----+--------+
         Total |   4232 |   4050 |    182 |    219 |   1692 |   9 |  470.2 |
       Dungeon |   3744 |   3562 |    182 |    200 |   1688 |   7 |  534.9 |
       Ossuary |    344 |    344 |      0 |      0 |      4 |   1 |  344.0 |
        Bailey |    143 |    143 |      0 |     19 |      0 |   1 |  143.0 |
               +--------+--------+--------+--------+--------+-----+--------+

Top non-repeatable levels by time:
     D:4: 712 daAuts
     D:5: 683 daAuts
     D:3: 616 daAuts
     D:6: 576 daAuts
     D:1: 465 daAuts
     D:2: 368 daAuts
 Ossuary: 344 daAuts
     D:7: 322 daAuts
  Bailey: 143 daAuts
